 Dungeon Crawl Stone Soup version 0.27.1-3-gb3d3a73c9e (webtiles) character file.

Game seed: 11075970158588817753

38 styxcanada the Sneak (level 3, 0/18 HPs)
             Began as a Spriggan Brigand on Oct 31, 2021.
             Slain by an adder (4 damage)
             ... on level 2 of the Dungeon.
             The game lasted 00:04:56 (1198 turns).

styxcanada the Sneak (Spriggan Brigand)             Turns: 1198, Time: 00:04:56

Health: 0/18       AC:  3    Str:  7    XL:     3   Next: 25%
Magic:  4/4        EV: 16    Int: 12    God:
Gold:   40         SH:  5    Dex: 17    Spells: 2/2 levels left

rFire    . . .     SeeInvis +   a - +2 dagger
rCold    . . .     Faith    .   k - +0 buckler
rNeg     . . .     Spirit   .   b - +0 robe
rPois    .         Reflect  .   (helmet restricted)
rElec    .         Harm     .   c - +0 cloak
rCorr    .         Rampage  .   (gloves unavailable)
Will     .....                  (boots unavailable)
Stlth    ++++......             (no amulet)
HPRegen  0.06/turn              (no ring)
MPRegen  0.09/turn              (no ring)

@: lethally poisoned (0 -> -1), very quick
A: very small, no large weapons, unfitting armour, see invisible, speed 3
a: no special abilities


You were on level 2 of the Dungeon.
You visited 1 branch of the dungeon, and saw 2 of its levels.

You collected 40 gold pieces.

Inventory:

Hand Weapons
 a - a +2 dagger (weapon)
 g - a +0 hunting sling
Missiles
 d - 8 poisoned darts (quivered)
 e - 2 curare-tipped darts
 f - 65 stones
 m - 25 sling bullets
Armour
 b - a +0 robe (worn)
 c - a +0 cloak (worn)
 k - a +0 buckler (worn)
Scrolls
 j - a scroll of amnesia {unknown}
 l - a scroll of vulnerability {unknown}
Potions
 h - a potion of berserk rage {unknown}
 i - a potion of degeneration {unknown}


   Skills:
 * Level 1.8 Fighting
 + Level 2.7 Short Blades
 + Level 2.1 Throwing
 * Level 2.1 Dodging
 * Level 6.7 Stealth


You had 2 spell levels left.
You didn't know any spells.
Your spell library was empty.

Dungeon Overview and Level Annotations

Branches:
Dungeon (2/15)

Altars:

Shops:
D:1 **[


Innate Abilities, Weirdness & Mutations

You are very small and have problems with some larger weapons.
You are too small for most types of armour.
You have supernaturally acute eyesight. (SInv)
You cover ground extremely quickly. (Speed+++)


Message History

The adder bites you but does no damage.
You hit the adder.
The adder is moderately wounded.
The adder completely misses you.
You closely miss the adder.
The adder is moderately wounded.
The adder bites you.
You hit the adder.
The adder is heavily wounded.
You block the adder's attack. The adder misses you.
You hit the adder.
The adder is heavily wounded.
The adder barely misses you.
You barely miss the adder.
The adder is heavily wounded.
You block the adder's attack.
You miss the adder.
The adder is heavily wounded.
The adder closely misses you.
You hit the adder.
The adder is severely wounded.
The adder misses you. The adder bites you.
You hit the adder.
You kill the adder!
The adder bites you.
You are poisoned.
The adder poisons you!
You hit the adder.
The adder is heavily wounded.
You feel sick. The adder barely misses you.
You hit the adder.
The adder is heavily wounded.
You feel sick. The adder misses you.
You miss the adder.
The adder is heavily wounded.
You feel sick. The adder barely misses you.
You hit the adder.
The adder is almost dead.
You feel sick. The adder bites you.
You die...

# ###. ....
#..#####
#..S@..#
######<# #.#
#.#
##.###### .
#.......###.
##.####.##..
### #.##.#
#.
#######.##.#


You could see an adder.

Vanquished Creatures
  An adder (D:2)
  A worm (D:2)
  A dart slug (D:2)
  An endoplasm (D:1)
  3 giant cockroaches (D:1)
  4 goblins
  2 hobgoblins
  2 quokkas
  2 bats (D:1)
  A frilled lizard (D:1)
  A kobold (D:2)
  6 rats (D:1)
25 creatures vanquished.

Notes
Turn   | Place    | Note
-------+----------+-------------------------------------------
     0 | D:1      | styxcanada the Spriggan Brigand began the quest for the
                  | Orb.
     0 | D:1      | Reached XP level 1. HP: 10/10 MP: 2/2
     7 | D:1      | Found Duydyubb's Assorted Antiques.
    30 | D:1      | Reached skill level 6 in Stealth
   219 | D:1      | Found Xueh Uku's Armour Shop.
   336 | D:1      | Reached XP level 2. HP: 14/14 MP: 3/3
   603 | D:1      | Found Ymnoruna's Assorted Antiques.
   722 | D:1      | Found a faded altar of an unknown god.
  1124 | D:2      | Reached XP level 3. HP: 18/18 MP: 4/4
  1198 | D:2      | Slain by an adder

Illustrated notes

Levels and vault maps discovered:
D:1:      dpeg_arrival_ratfight, layout_basic, serial_shops, shop, shop, shop,
          dilly_ecumenical_altar_fadedgnrine
D:2:      layout_loops_ring, serial_park_tiny_2

Skill      XL: |  1  2 |
---------------+-------+-----
Stealth        | 6 |  6.7
Dodging        | 2 |  2.1
Fighting       | |  1.8
Short Blades   | |  2.7
Throwing       | |  2.1

Action                   || total
-------------------------++-------
Melee: Dagger            ||    55
Throw: Dart              ||    16
 Stab: Sleeping          ||     8
Armor: Robe              ||     3
Dodge: Dodged            ||    34
Block: Buckler           ||     7
